Map: Oxide LE

Players

ShoWTimE - Winner!

  • Race: Protoss Protoss
  • League: Master
  • Spawn Location: 7:00

MarineLorD

  • Race: Terran Terran
  • League: Master
  • Spawn Location: 1:00

Event: DreamHack SC2 Masters 2020 Winter

VOD

Have the link to the VOD?

Description

Time

  • Played on: Nov. 4, 2020, 1:34 p.m.
  • Length: 13:47

All games in this series

Show
View Real Time Build Order
Export as new Build Order

ShoWTimE Protoss - Winner!

Build Orders: 1 Gate Expand, Phoenix Opening, Colossus Rush 

Get SALT Encoding   

  12  0:00  Probe  
  13  0:12  Probe  
  14  0:17  Pylon  
  14  0:24  Probe (Chrono Boost)  
  15  0:36  Probe (Chrono Boost)  
  15  0:37  Gateway  
  16  0:44  Probe (Chrono Boost)  
  16  0:47  Assimilator  
  17  0:50  Probe  
  18  1:03  Probe  
  19  1:15  Probe  
  20  1:25  Cybernetics Core  
  20  1:38  Nexus  
  20  1:47  Pylon  
  20  1:50  Probe  
  21  1:56  Assimilator  
  21  1:58  Adept (Chrono Boost)  
  21  2:05  Probe  
  24  2:17  Probe  
  24  2:19  Adept (Chrono Boost)  
  27  2:29  Probe  
  28  2:33  Stargate  
  28  2:40  Warp Gate  
  28  2:41  Probe  
  29  2:54  Probe  
  29  2:58  Probe  
  31  3:06  Probe  
  31  3:07  Adept  
  31  3:10  Probe  
  35  3:14  Pylon  
  35  3:16  Phoenix (Chrono Boost)  
  35  3:18  Probe  
  38  3:22  Probe  
  38  3:30  Probe  
  39  3:34  Probe (Chrono Boost)  
  39  3:37  Phoenix (Chrono Boost)  
  42  3:46  Probe (Chrono Boost)  
  42  3:47  Probe (Chrono Boost)  
  44  3:51  Robotics Facility  
  44  3:54  Probe (Chrono Boost)  
  46  3:56  Probe (Chrono Boost)  
  46  4:01  Assimilator, Probe (Chrono Boost)  
  47  4:02  Assimilator  
  47  4:05  Pylon  
  47  4:09  Probe (Chrono Boost)  
  48  4:12  Gateway  
  48  4:13  Probe (Chrono Boost)  
  49  4:20  Phoenix  
  49  4:22  Probe x2 (Chrono Boost)  
  53  4:27  Probe  
  53  4:30  Probe  
  55  4:31  Shield Battery  
  55  4:39  Robotics Bay, Observer, Probe  
  55  4:42  Pylon, Probe  
  58  4:47  Gateway  
  58  4:49  Sentry  
  60  4:58  Immortal (Chrono Boost)  
  64  5:11  Stalker  
  64  5:13  Stalker  
  68  5:17  Pylon  
  68  5:20  Pylon  
  68  5:26  Nexus  
  68  5:33  Colossus (Chrono Boost)  
  73  5:38  Pylon, Probe x2  
  75  5:50  Probe  
  75  5:51  Probe  
  75  5:54  Nexus  
  75  5:55  Pylon  
  77  5:59  Extended Thermal Lance  
  77  6:03  Probe x2  
  79  6:11  Twilight Council  
  79  6:15  Probe  
  80  6:19  Colossus (Chrono Boost), Probe  
  80  6:21  Forge  
  87  6:27  Probe  
  87  6:29  Zealot x2  
  87  6:31  Probe  
  91  6:39  Probe  
  91  6:40  Shield Battery  
  91  6:43  Pylon, Probe  
  90  6:49  Charge  
  90  6:52  Gateway, Protoss Ground Weapons Level 1 (Chrono Boost), Probe  
  91  6:54  Gateway  
  91  6:59  Probe  
  92  7:02  Sentry x2  
  92  7:04  Zealot, Probe  
  99  7:10  Pylon  
  99  7:13  Colossus (Chrono Boost)  
  99  7:17  Probe  
  99  7:19  Probe  
  107  7:26  Pylon  
  107  7:29  Stalker x2  
  110  7:35  Probe (Chrono Boost)  
  110  7:36  Probe x2 (Chrono Boost)  
  101  7:42  Stalker  
  103  7:48  Probe x3 (Chrono Boost)  
  103  7:49  Zealot x2  
  110  7:56  Probe x3 (Chrono Boost)  
  110  7:57  Photon Cannon  
  113  8:02  Probe x3  
  116  8:07  Warp Prism (Chrono Boost)  
  116  8:11  Shield Battery  
  116  8:14  Probe x2  
  116  8:16  Pylon  
  116  8:18  Templar Archives  
  116  8:19  Probe  
  119  8:26  Probe  
  119  8:27  Zealot  
  122  8:30  Blink  
  122  8:34  Pylon, Zealot x2  
  122  8:38  Zealot  
  126  8:42  Zealot  
  126  8:46  Probe  
  114  8:50  Zealot  
  112  8:57  Immortal  
  112  8:59  Void Ray (Chrono Boost)  
  112  9:02  Zealot x3  
  122  9:05  Gateway  
  122  9:09  Gateway  
  126  9:12  Probe  
  126  9:13  Assimilator, Protoss Ground Weapons Level 2 (Chrono Boost)  
  127  9:18  Assimilator  
  127  9:19  Sentry  
  129  9:24  High Templar x2  
  129  9:27  Pylon  
  129  9:30  Archon  
  133  9:33  Zealot x2  
  133  9:34  Pylon  
  133  9:37  Immortal (Chrono Boost)  
  141  9:46  Nexus  
  141  9:47  Pylon  
  141  9:53  Zealot x3  
  141  9:59  Gateway  
  145  10:02  Zealot  
  145  10:04  Zealot  
  149  10:08  Probe  
  149  10:09  Zealot, Probe  
  149  10:10  Zealot  
  149  10:15  Probe  
  149  10:19  Pylon  
  149  10:21  Pylon  
  149  10:26  Pylon  
  148  10:31  Pylon  
  136  10:36  Probe  
  136  10:37  Zealot x4  
  136  10:41  Zealot  
  136  10:42  Zealot x2  
  135  10:49  Probe  
  126  10:50  Colossus (Chrono Boost)  
  124  10:59  Stalker x4  
  131  11:06  High Templar x2  
  131  11:07  Stalker  
  137  11:11  Gateway  
  137  11:13  Archon  
  137  11:18  Probe  
  138  11:29  Stalker x4  
  138  11:30  Sentry x2  
  138  11:31  Protoss Ground Armor Level 1 (Chrono Boost)  
  138  11:32  Observer  
  146  11:53  Zealot x4  
  146  11:54  Zealot x4  
  158  12:02  Observer  
  156  12:16  Zealot x4  
  156  12:19  Pylon  
  164  12:27  Pylon  
  160  12:31  Stalker x2  
  136  12:39  Zealot x5  
  136  12:40  Zealot x2  
  136  12:42  Warp Prism (Chrono Boost)  
  134  12:59  Stalker x2  
  134  13:00  Zealot x4  
  134  13:01  Zealot x3  
  130  13:25  Zealot x9  
  132  13:30  Pylon  
  132  13:31  Nexus  
Show
View Real Time Build Order
Export as new Build Order

MarineLorD Terran 

Build Orders:  

Get SALT Encoding   

  12  0:00  SCV  
  13  0:12  SCV  
  14  0:17  Supply Depot  
  14  0:24  SCV  
  15  0:30  Refinery  
  15  0:38  SCV  
  16  0:43  Barracks  
  16  0:50  SCV  
  17  1:02  SCV  
  18  1:13  Engineering Bay  
  18  1:14  SCV  
  19  1:32  Marine, Orbital Command  
  19  1:38  Factory  
  20  1:45  Supply Depot  
  20  1:52  Barracks Reactor  
  20  1:57  SCV  
  21  2:10  SCV  
  22  2:18  Command Center  
  22  2:22  SCV  
  23  2:31  Hellion x2  
  23  2:34  SCV  
  28  2:38  Supply Depot  
  28  2:41  Barracks Tech Lab  
  28  2:46  SCV  
  29  2:58  SCV  
  29  3:01  Marine  
  29  3:03  Stimpack  
  30  3:06  Barracks  
  30  3:08  Widow Mine  
  30  3:10  SCV  
  33  3:14  Refinery  
  33  3:22  Marine  
  33  3:25  SCV  
  33  3:37  Widow Mine, SCV  
  34  3:43  Marine  
  34  3:46  Orbital Command  
  34  3:47  Starport  
  35  3:49  SCV  
  35  3:53  Marine x2  
  38  3:59  Widow Mine  
  38  4:01  Marine  
  38  4:02  SCV  
  42  4:11  Marine x2  
  42  4:13  SCV, Supply Depot  
  42  4:14  SCV  
  46  4:19  Marine  
  46  4:25  SCV, Medivac, Factory Reactor  
  46  4:26  SCV  
  46  4:30  Marine x2  
  52  4:36  Supply Depot  
  52  4:37  Marine, SCV  
  52  4:38  SCV  
  55  4:42  Combat Shield  
  55  4:48  Marine x2  
  55  4:49  SCV  
  55  4:50  SCV  
  59  4:53  Engineering Bay  
  59  4:54  Marine  
  60  5:01  SCV  
  60  5:05  SCV, Barracks  
  60  5:07  Marine, Refinery  
  61  5:12  Marine  
  61  5:13  Marine, SCV  
  63  5:17  SCV  
  64  5:25  Marine, SCV  
  66  5:29  SCV  
  66  5:30  Marine  
  66  5:31  Marine, Factory Reactor  
  69  5:37  SCV  
  69  5:38  Terran Infantry Weapons Level 1  
  69  5:39  Supply Depot  
  70  5:46  Supply Depot  
  70  5:57  Barracks Tech Lab  
  70  6:01  Concussive Shells, Medivac, Marauder, Supply Depot, Marine x2, SCV x2  
  70  6:04  Supply Depot  
  78  6:07  Medivac  
  80  6:13  SCV x2  
  80  6:18  Marauder  
  84  6:23  Marauder  
  85  6:25  SCV x2  
  85  6:31  Medivac  
  81  6:37  Marine x2, Medivac  
  85  6:42  Widow Mine  
  85  6:43  Widow Mine, Marauder  
  85  6:46  Supply Depot x2  
  89  6:47  Command Center  
  89  6:48  Marauder  
  89  6:53  SCV  
  89  6:54  SCV  
  93  6:55  Refinery  
  93  6:56  Marine x2  
  95  7:08  Marauder  
  97  7:11  SCV x2, Barracks x2  
  99  7:19  Marine x2  
  99  7:20  Marauder  
  99  7:21  Medivac  
  105  7:23  SCV  
  105  7:25  Medivac  
  108  7:32  Terran Infantry Armor Level 1  
  108  7:42  Marine x2, Marauder x2  
  108  7:43  SCV  
  115  7:44  SCV  
  115  7:49  Widow Mine  
  115  7:50  Supply Depot  
  118  7:59  Widow Mine, SCV x2  
  118  8:02  Orbital Command  
  118  8:04  Marauder  
  124  8:07  Marauder  
  124  8:11  SCV x2  
  126  8:15  Barracks Tech Lab, Barracks Reactor  
  126  8:16  Marine  
  126  8:17  Marine  
  128  8:20  Medivac  
  128  8:23  Medivac, SCV x2  
  128  8:25  Marauder  
  136  8:31  Marauder  
  136  8:34  Marine  
  138  8:35  SCV  
  129  8:47  Marauder  
  118  8:49  Marine  
  118  8:50  Marauder  
  118  8:51  Marine  
  118  8:52  Marauder  
  118  8:55  Medivac x2  
  122  8:56  Marine  
  122  9:00  Marine  
  122  9:01  SCV x2  
  122  9:02  Refinery  
  126  9:05  Refinery  
  126  9:07  Armory, Marine  
  126  9:08  Marine, Engineering Bay  
  126  9:09  Widow Mine x2, Marine  
  133  9:11  Marauder  
  133  9:13  Supply Depot, Marauder  
  133  9:14  Supply Depot x3, SCV x2  
  139  9:17  Marine  
  139  9:22  Marine  
  141  9:26  Supply Depot  
  141  9:28  Supply Depot  
  141  9:34  Marine  
  141  9:35  Widow Mine x2, Marauder x2  
  150  9:38  Marine  
  150  9:39  Marine, Marauder  
  150  9:40  Marine  
  155  9:52  Marine  
  155  9:56  Marauder, Terran Infantry Weapons Level 2, Terran Infantry Armor Level 2  
  155  9:57  Terran Ship Weapons Level 1  
  155  9:59  Marauder  
  160  10:01  Command Center  
  160  10:04  Marauder  
  159  10:15  Marine x2  
  159  10:18  Marauder  
  159  10:20  Marine  
  159  10:21  Marauder  
  166  10:25  Marine, Marauder  
  154  10:35  Marine x2  
  154  10:38  SCV x2  
  154  10:39  Marauder  
  154  10:42  Marine, Marauder  
  155  10:43  Marine  
  155  10:47  Marauder  
  149  10:53  Marine x2  
  149  10:55  SCV x3  
  145  10:59  Marine  
  145  11:00  Widow Mine x2  
  145  11:01  Marauder, Marine  
  145  11:03  Viking  
  145  11:04  Marauder, Viking  
  157  11:07  SCV x3  
  157  11:08  Marine  
  157  11:11  Marine  
  163  11:14  Sensor Tower  
  164  11:19  SCV x2  
  164  11:22  SCV  
  167  11:29  Marine x2  
  167  11:30  Marauder, Marine x2  
  167  11:31  Marauder, SCV x2  
  169  11:40  Marauder  
  152  11:47  Marine  
  152  11:51  Marauder  
  152  11:52  Marauder  
  146  11:55  Marine, Viking  
  146  11:56  Marine  
  146  11:58  Marine  
  145  12:01  Marauder  
  145  12:03  Viking  
  145  12:05  Marine  
  148  12:13  Marauder x2, Marine x2  
  150  12:16  Marine  
  153  12:23  Marauder, Marine  
  147  12:31  Marine x2  
  147  12:34  Marine, Marauder  
  147  12:35  Marauder  
  128  12:41  Marine  
  112  12:44  Marauder  
  112  12:47  Viking  
  112  12:48  Viking  
  112  12:49  Marine x2  
  113  12:52  Marine  
  113  12:55  Marauder  
  113  12:56  Marauder  
  116  12:58  Marine  
  119  13:05  Marauder  
  119  13:07  Marine x2  
  119  13:10  Marine  
  114  13:16  Marine  
  114  13:17  Marauder x2  
  94  13:24  Marine  
  94  13:25  Marine  
  83  13:27  Marine  
  83  13:31  SCV  
  83  13:32  SCV  
Tags
 
Add a new tag
Caveats
  • Supply blocks, unpowered buildings, or Contaminate may cause inaccurate times.
  • Supply counts are checked every 10 seconds.